 Dungeon Crawl Stone Soup version 0.22-a0-443-g17c3723 (webtiles) character file.

144433 Gorglomux the Warrior (level 17, -7/114 HPs)
             Began as a Gargoyle Fighter on June 1, 2018.
             Was a High Priest of Okawaru.
             Killed from afar by a starcursed mass (9 damage)
             ... with an accursed screaming
             ... on level 2 of the Abyss.
             The game lasted 00:17:35 (19882 turns).

Gorglomux the Warrior (Gargoyle Fighter)           Turns: 19882, Time: 00:17:36

Health: -7/114     AC: 41    Str: 24      XL:     17   Next: 10%
Magic:  14/23      EV: 16    Int:  3 (4)  God:    Okawaru [*****.]
Gold:   1517       SH: 23    Dex:  9      Spells: 16/16 levels left

rFire    . . .     SeeInvis +   a - +4 broad axe of Wyrd {god gift, freeze, -Tele rPois rN++ SInv}
rCold    + + +     Gourm    .   N - +0 large shield
rNeg     + + +     Faith    .   S - +2 chain mail of Oninod {god gift, rC+++ Str-2 SInv Stlth+}
rPois    ∞         Spirit   .   r - +0 helmet
rElec    +         Reflect  .   U - +1 cloak {+Inv} {god gift}
rCorr    .         Harm     .   t - +1 pair of gloves {archery} {god gift}
MR       ++...     NoTele   +   p - +2 pair of boots
Stlth    +.........             J - amulet of rage
HPRegen  0.29/turn              m - ring of protection from magic
MPRegen  0.18/turn              C - +6 ring of evasion

@: heroism, finesse, flying, slowed, very slow
A: big wings, [dopey 2], negative energy resistance 1, electricity resistance,
weak 1, unbreathing, petrification resistance, rot immunity, AC +12
}: 1/15 runes: serpentine
a: Stop Flying, Heroism, Finesse, Renounce Religion, Evoke Berserk Rage, Evoke
Invisibility


You were on level 2 of the Abyss.
You worshipped Okawaru.
Okawaru was extremely pleased with you.
You were hungry.

You visited 4 branches of the dungeon, and saw 26 of its levels.
You visited the Abyss 1 time.
You also visited: Sewer.

You collected 1928 gold pieces.
You spent 411 gold pieces at shops.

Inventory:

Hand Weapons
 a - the +4 broad axe of Wyrd (weapon) {god gift, freeze, -Tele rPois rN++ SInv}
   (Okawaru gifted it to you on level 11 of the Dungeon)

   It has been specially enchanted to freeze those struck by it, causing extra
   injury to most foes and up to half again as much damage against particularly
   susceptible opponents.
   It can also slow down cold-blooded creatures.
   It protects you from poison.
   It greatly protects you from negative energy.
   It lets you see invisible.
   It prevents most forms of teleportation.
 b - a +0 flail
Missiles
 Z - a throwing net (quivered)
Armour
 p - a +2 pair of boots (worn)
 r - a +0 helmet (worn)
 t - a +1 pair of gloves of archery (worn) {god gift}
 v - a +0 plate armour
 N - a +0 large shield (worn)
 S - the +2 chain mail of Oninod (worn) {god gift, rC+++ Str-2 SInv Stlth+}
   (Okawaru gifted it to you on level 4 of the Snake Pit)

   It affects your strength (-2).
   It renders you almost immune to cold.
   It lets you see invisible.
   It makes you more stealthy.
 U - a +1 cloak of invisibility (worn) {god gift}
Jewellery
 c - an uncursed ring of protection from cold
 g - an uncursed ring of positive energy
 m - a ring of protection from magic (left hand)
 C - a +6 ring of evasion (right hand)
 J - an amulet of rage (around neck)
Wands
 A - a wand of acid (47)
 D - a wand of digging (8)
 E - a wand of enslavement (22)
 I - a wand of iceblast (7)
 O - a wand of clouds (4)
 P - a wand of paralysis (48)
Scrolls
 h - a scroll of brand weapon
 k - a scroll of fear
 o - a scroll of random uselessness {unknown}
 s - a scroll of silence {unknown}
 x - 2 scrolls of fog
 y - 6 scrolls of immolation
 F - a scroll of holy word {unknown}
 K - 2 scrolls of enchant armour
 L - 2 scrolls of blinking {unknown}
 M - 4 scrolls of magic mapping
 R - 4 scrolls of identify
 T - 4 scrolls of teleportation
 V - a scroll of enchant weapon
 Y - 10 scrolls of remove curse
Potions
 d - 9 potions of might
 i - 2 potions of magic
 l - 13 potions of heal wounds
 n - a potion of invisibility
 q - 4 potions of flight
 u - 7 potions of agility
 w - a potion of ambrosia
 z - 4 potions of lignification
 B - a potion of mutation {!q}
 G - 2 potions of brilliance
 H - 3 potions of cancellation
 Q - 12 potions of curing
 X - 4 potions of berserk rage
Miscellaneous
 W - 2 sacks of spiders
Comestibles
 f - 39 rations


   Skills:
 + Level 15.7(20.7) Fighting
 + Level 14.3(19.3) Axes
 + Level 15.3(20.3) Armour
 + Level 15.3(20.3) Shields
 - Level 9.0 Invocations


You had 16 spell levels left.
You didn't know any spells.
Your spell library contained the following spells:

 Spells                   Type           Power        Failure   Level  Hunger
 Bolt of Draining         Conj/Necr      #.........   100%        5    ######.
 Dispel Undead            Necr           #.......     100%        5    ######.
 Sublimation of Blood     Necr           #.........   99%         2    ###....
 Corpse Rot               Necr           N/A          99%         2    ###....
 Agony                    Necr           #.......     100%        5    ######.
 Spider Form              Tmut/Pois      #.........   100%        3    ####...
 Blade Hands              Tmut           #.........   100%        5    ######.
 Ice Form                 Ice/Tmut       #.......     100%        4    #####..
 Sticks to Snakes         Tmut           #.......     99%         2    ###....
 Excruciating Wounds      Chrm/Necr      #.........   100%        5    ######.
 Beastly Appendage        Tmut           #.....       98%         1    ##.....


Dungeon Overview and Level Annotations

Branches:
Dungeon (12/15)            Temple (0/1) D:6            Lair (6/6) D:11
 Shoals (4/4) Lair:3        Snake (4/4) Lair:3        Slime (0/5) Lair:6
    Orc: D:9-12

Altars:
Fedhas
Nemelex Xobeh
Okawaru
Qazlal
Sif Muna
Wu Jian
Zin
The Shining One

Shops:
D:10 *%   D:11 [   Snake:1 [   Snake:2 !(

Annotations:
D:9 Totori's ghost, novice TrBe


Innate Abilities, Weirdness & Mutations

You are resistant to torment.
Your stone body is resilient. (AC +12)
You are immune to poison.
Your large and strong wings let you fly indefinitely.
You resist negative energy. (rN+)
You are resistant to electric shocks. (rElec)
You can survive without breathing.
You are immune to petrification.
You are immune to rotting.
You are weak. (Str -2)
[You are very dopey. (Int -4)]


Message History

* * * don't die
* * * You block the chaos spawn's attack!
You are engulfed in a cloud of scalding steam!
A starcursed mass splits!
You are engulfed in a cloud of scalding steam!
The smoke demon gestures at you! Something smites you!!! * * * don't die
* * * The smoke demon gestures at you!
The sticky flame hits you!!!
You are covered in liquid flames!!!
You are covered in liquid flames!!! * * * don't die
* * * The smoke demon gestures at you!
You block the sticky flame!
A starcursed mass splits!
You are covered in liquid flames!!! * * * don't die
* * * You block the starcursed mass's attack!
A chorus of shrieks butts your mind! rip

. # .# .## #.
.##.##.### ##.#
. #. ..#....#.
.. .. .
..##..#.. . #..#
. ...#.#... .#.
... ##..# . ##..
.. . #..@# #...#
## # ###3#X## #
.. #. #
#.##.#X.## .#
... .
#.4#XX#.###....
#. #....###..†..
..#.#. # #.#.X
#§#....###. .
#.#
#.....#3..#.....
#.##..
.#.#.4###.#..##
... . .. .#.#. .
#..##.## ..#


You could see 3 starcursed masses and a smoke demon.

Vanquished Creatures
  Rupert (Lair:3)
  A kraken (Shoals:3)
  10 nagarajas
  A dire elephant (Lair:6)
  A merfolk javelineer (Shoals:3)
  Harold (Lair:3)
  The ghost of KristoblXynda the Grappler, a journeyman TrWz of Ashenzari (D:11)
  7 hydras
  13 naga warriors
  2 merfolk impalers (Shoals:2)
  3 catoblepae (Lair:6)
  2 merfolk avatars (Shoals:2)
  5 anacondas
  An alligator snapping turtle (Shoals:3)
  6 death yaks (Lair:6)
  A merfolk aquamancer (Shoals:3)
  Urug (D:10)
  A thrashing horror (Abyss:2)
  Sonja (D:11)
  2 shock serpents
  17 naga sharpshooters
  A wretched star (Abyss:2)
  A fire crab (Lair:4)
  A salamander mystic (Snake:3)
  An unseen horror (D:11)
  A spatial maelstrom (Abyss:2)
  6 sea snakes
  8 naga ritualists
  4 ugly things (D:11)
  A deep elf mage (D:11)
  4 mana vipers
  A cyclops (Shoals:1)
  8 salamanders
  7 manticores
  A faun (Shoals:1)
  4 merfolk sirens
  25 black mambas
  2 guardian serpents (Snake:4)
  Joseph (D:8)
  20 naga magi
  6 spiny frogs
  A water nymph (Shoals:3)
  2 rime drakes
  A freezing wraith (Abyss:2)
  2 komodo dragons (Lair:6)
  3 polar bears
  13 merfolk
  2 trolls
  3 slime creatures (Lair:6)
  A raiju (Abyss:2)
  6 hippogriffs
  4 snapping turtles
  8 dream sheep
  2 ynoxinuls (Abyss:2)
  44 yaks
  A shadow (D:10)
  6 water elementals
  A wyvern (Lair:5)
  A vampire (D:11)
  A neqoxec (Abyss:2)
  Grum (Lair:1)
  A basilisk (Lair:6)
  Menkaure (D:5)
  43 nagas
  A soldier ant (D:12)
  A large abomination (Abyss:2)
  An acid dragon (D:11)
  An insubstantial wisp (Abyss:2)
  A spatial vortex (Abyss:2)
  9 water moccasins
  9 porcupines
  4 black bears
  3 phantoms
  2 ice beasts
  4 orc warriors
  A sky beast (D:8)
  A necrophage (D:11)
  11 wolves
  2 ogres
  14 centaurs
  11 crocodiles
  2 small abominations (Abyss:2)
  3 big kobolds
  13 bullfrogs
  A gnoll sergeant (D:10)
  A wyvern skeleton (D:6)
  5 scorpions
  8 killer bees
  A water moccasin skeleton (D:8)
  8 wights
  3 howler monkeys
  10 crimson imps
  2 bullfrog zombies
  3 hounds
  A quasit (Abyss:2)
  6 jellies
  3 orc priests
  4 orc wizards
  A bullfrog skeleton (D:5)
  A gnoll shaman (D:7)
  An iguana (D:6)
  6 worker ants
  A hound skeleton (D:5)
  A hound zombie (D:8)
  2 howler monkey zombies
  A worker ant zombie (D:7)
  15 gnolls
  6 river rats (Sewer)
  10 adders
  A shadow imp (D:8)
  3 white imps (D:11)
  3 oozes
  An adder skeleton (D:4)
  A worm (D:4)
  A dart slug (D:3)
  3 leopard geckos
  24 orcs
  6 bats
  6 giant cockroaches
  3 goblins
  7 hobgoblins
  14 jackals
  6 quokkas
  6 ball pythons
  5 frilled lizards
  2 goblin skeletons (D:8)
  2 goblin zombies (D:8)
  A hobgoblin zombie (D:8)
  19 kobolds
  An orc zombie (D:8)
  2 quokka skeletons
  A quokka zombie (D:8)
  29 rats
  2 bushes (Lair:3)
  2 fungi
  A lurking horror (Abyss:2)
  8 plants
  3 tentacles (Shoals:3)
687 creatures vanquished.

Vanquished Creatures (others)
  A starcursed mass (Abyss:2)
  A thrashing horror (Abyss:2)
  A black mamba (Snake:4)
  A naga (Lair:3)
  A shadow imp (D:11)
  A bush (Lair:3)
  37 fungi
  14 plants
  14 tentacles (Shoals:3)
71 creatures vanquished.

Grand Total: 758 creatures vanquished

Notes
Turn   | Place    | Note
-------+----------+-------------------------------------------
     0 | D:1      | Gorglomux the Gargoyle Fighter began the quest for the Orb.
     0 | D:1      | Reached XP level 1. HP: 14/14 MP: 1/1
    56 | D:1      | Reached XP level 2. HP: 16/19 MP: 2/2
   350 | D:1      | Reached skill level 3 in Axes
   469 | D:2      | Reached XP level 3. HP: 21/23 MP: 3/3
   536 | D:2      | Found a deep blue altar of Sif Muna.
   929 | D:3      | Reached XP level 4. HP: 26/28 MP: 4/4
  1006 | D:3      | Found an iron altar of Okawaru.
  1098 | D:3      | Became a worshipper of Warmaster Okawaru
  1181 | D:3      | Reached XP level 5. HP: 16/32 MP: 5/5
  1629 | D:4      | Noticed an ice beast
  1636 | D:4      | Killed an ice beast
  1636 | D:4      | Reached XP level 6. HP: 33/37 MP: 6/6
  1788 | D:4      | Reached skill level 6 in Axes
  1902 | D:5      | Entered Level 5 of the Dungeon
  1912 | D:5      | Reached * piety under Okawaru
  2126 | D:5      | Noticed a phantom
  2133 | D:5      | Reached XP level 7. HP: 36/43 MP: 7/7
  2392 | D:5      | Noticed Menkaure
  2394 | D:5      | Found a glowing drain.
  2401 | D:5      | Killed Menkaure
  2401 | D:5      | Reached ** piety under Okawaru
  2401 | D:5      | Reached skill level 1 in Invocations
  2401 | D:5      | Reached XP level 8. HP: 25/49 MP: 8/8
  2434 | Sewer    | Entered a sewer
  3194 | D:5      | Found an ornate altar of the Wu Jian Council.
  3195 | D:5      | Found a glowing silver altar of Zin.
  3196 | D:5      | Found a stormy altar of Qazlal.
  3551 | D:6      | Found a staircase to the Ecumenical Temple.
  3556 | D:6      | Reached skill level 6 in Fighting
  3580 | D:6      | Found a blossoming altar of Fedhas.
  3627 | D:6      | Reached skill level 3 in Invocations
  3653 | D:6      | Found a sparkling altar of Nemelex Xobeh.
  3669 | D:6      | Reached *** piety under Okawaru
  3742 | D:6      | Reached XP level 9. HP: 46/56 MP: 11/11
  4374 | D:7      | Reached **** piety under Okawaru
  4374 | D:7      | Reached skill level 6 in Armour
  4374 | D:7      | Reached skill level 6 in Shields
  4732 | D:8      | Noticed Joseph
  4748 | D:8      | Killed Joseph
  4748 | D:8      | Reached XP level 10. HP: 45/64 MP: 12/12
  4869 | D:8      | Found a glowing golden altar of the Shining One.
  5285 | D:9      | Reached ***** piety under Okawaru
  5358 | D:9      | Received a gift from Okawaru
  5370 | D:9      | Noticed Totori's ghost (novice TrBe)
  5906 | D:10     | Entered Level 10 of the Dungeon
  5920 | D:10     | Reached skill level 9 in Axes
  5998 | D:10     | Found Oneideky's Food Emporium.
  6011 | D:10     | Found Peonibef's General Store.
  6043 | D:10     | Bought a scroll of remove curse for 45 gold pieces
  6043 | D:10     | Bought a scroll of identify for 30 gold pieces
  6043 | D:10     | Bought a potion of brilliance for 60 gold pieces
  6043 | D:10     | Bought a potion of cancellation for 120 gold pieces
  6269 | D:10     | Noticed Urug
  6309 | D:10     | Killed Urug
  6309 | D:10     | Reached skill level 9 in Fighting
  6502 | D:11     | Noticed Sonja
  6513 | D:11     | Killed Sonja
  6513 | D:11     | Reached XP level 11. HP: 57/71 MP: 13/13
  6764 | D:11     | Noticed a deep elf mage
  6777 | D:11     | Received a gift from Okawaru
  6779 | D:11     | Reached skill level 9 in Armour
  6784 | D:11     | Reached skill level 9 in Shields
  6799 | D:11     | Killed a deep elf mage
  6827 | D:11     | Found a staircase to the Lair.
  6846 | D:11     | Killed an unseen horror
  7039 | D:11     | Noticed KristoblXynda's ghost (journeyman TrWz)
  7255 | D:11     | Killed KristoblXynda's ghost
  7422 | D:11     | Found Ottij's Armour Shoppe.
  7695 | D:11     | Noticed a white ugly thing
  7697 | D:11     | Noticed a white ugly thing
  7698 | D:11     | Noticed a white ugly thing
  7703 | D:11     | Noticed a brown ugly thing
  7715 | D:11     | Killed a white ugly thing
  7735 | D:11     | Killed a brown ugly thing
  7740 | D:11     | Killed a purple ugly thing
  7753 | D:11     | Killed a purple ugly thing
  7753 | D:11     | Reached XP level 12. HP: 26/79 MP: 14/14
  8015 | Lair:1   | Entered Level 1 of the Lair of Beasts
  8015 | Lair:1   | Noticed a six-headed hydra
  8081 | Lair:1   | Killed a ten-headed hydra
  8126 | Lair:1   | Received a gift from Okawaru
  8163 | Lair:1   | Noticed Grum
  8201 | Lair:1   | Killed Grum
  8402 | Lair:1   | Noticed a seven-headed hydra
  8416 | Lair:1   | Killed a nine-headed hydra
  9722 | Lair:3   | Identified a scroll of acquirement
  9840 | Lair:3   | Noticed Harold
  9864 | Lair:3   | Killed Harold
 10088 | Lair:3   | Noticed a seven-headed hydra
 10091 | Lair:3   | Noticed Rupert
 10105 | Lair:3   | Killed an 11-headed hydra
 10135 | Lair:3   | Killed Rupert
 10317 | Lair:3   | Reached XP level 13. HP: 82/84 MP: 17/17
 10358 | Lair:3   | Found a staircase to the Snake Pit.
 10551 | Lair:3   | Found a staircase to the Shoals.
 10740 | Lair:4   | Reached skill level 6 in Invocations
 10751 | Lair:4   | Received a gift from Okawaru
 10904 | Lair:4   | You fall through a shaft for 2 floors!
 10904 | Lair:6   | Entered Level 6 of the Lair of Beasts
 11109 | Lair:6   | Reached skill level 12 in Fighting
 11335 | Lair:6   | Noticed a dire elephant
 11356 | Lair:6   | Killed a dire elephant
 11644 | Lair:6   | Received a gift from Okawaru
 11772 | Lair:6   | Reached skill level 12 in Shields
 11808 | Lair:6   | Found a staircase to the Slime Pits.
 11816 | Lair:6   | Gained mutation: Your large and strong wings let you fly indefinitely. [Gargoyle growth]
 11816 | Lair:6   | Reached XP level 14. HP: 56/92 MP: 19/19
 11825 | Lair:6   | Reached skill level 12 in Armour
 12100 | D:11     | Got a smoking broad axe {god gift}
 12101 | D:11     | Identified the +4 broad axe of Wyrd {god gift, freeze, -Tele rPois rN++ SInv} (Okawaru gifted it to you on level 11 of the Dungeon)
 12675 | Lair:5   | Reached skill level 12 in Axes
 12783 | Lair:5   | You fall through a shaft!
 13636 | Snake:1  | Entered Level 1 of the Snake Pit
 13862 | Snake:1  | Found Ejeinid's Specialty Armours.
 13870 | Snake:1  | Received a gift from Okawaru
 14312 | Snake:2  | Noticed a nagaraja
 14320 | Snake:2  | Reached skill level 9 in Invocations
 14330 | Snake:2  | Killed a nagaraja
 14482 | Snake:2  | HP: 4/94 [naga warrior/scimitar (2)]
 14803 | Snake:2  | Found Koiffub's Distillery.
 14814 | Snake:2  | Found Xeakk's Weapon Shoppe.
 14818 | Snake:2  | Bought a potion of heal wounds for 60 gold pieces
 14818 | Snake:2  | Bought 2 potions of might for 96 gold pieces
 15122 | Snake:3  | Noticed a nagaraja
 15139 | Snake:3  | Killed a nagaraja
 15139 | Snake:3  | Reached XP level 15. HP: 44/99 MP: 18/21
 15830 | Snake:3  | Got an ancient turquoise ring
 15890 | Snake:4  | Entered Level 4 of the Snake Pit
 16399 | Snake:4  | Received a gift from Okawaru
 16719 | Snake:4  | Noticed a nagaraja
 16748 | Snake:4  | Noticed a nagaraja
 16757 | Snake:4  | Killed a nagaraja
 16762 | Snake:4  | Noticed a nagaraja
 16765 | Snake:4  | Noticed a nagaraja
 17242 | Snake:4  | Noticed a nagaraja
 17260 | Snake:4  | Killed a nagaraja
 17273 | Snake:4  | Noticed a nagaraja
 17286 | Snake:4  | Killed a nagaraja
 17286 | Snake:4  | Reached XP level 16. HP: 46/107 MP: 20/22
 17451 | Snake:4  | Noticed a nagaraja
 17458 | Snake:4  | Killed a nagaraja
 17458 | Snake:4  | Received a gift from Okawaru
 17535 | Snake:4  | Got a garnet-encrusted chain mail {god gift}
 17546 | Snake:4  | Identified the +2 chain mail of Oninod {god gift, rC+++ Str-2 SInv Stlth+} (Okawaru gifted it to you on level 4 of the Snake Pit)
 17666 | Snake:4  | Killed a nagaraja
 17672 | Snake:4  | Killed a nagaraja
 17912 | Snake:4  | Noticed a nagaraja
 17935 | Snake:4  | Killed a nagaraja
 17939 | Snake:4  | Reached skill level 15 in Fighting
 17956 | Snake:4  | Killed a nagaraja
 18332 | Snake:4  | Got a serpentine rune of Zot
 18472 | Shoals:1 | Entered Level 1 of the Shoals
 18517 | Shoals:1 | Identified the ring of Nury {*Contam rN++ MP+9} (You found it on level 3 of the Snake Pit)
 18562 | Shoals:1 | Gained mutation: You are weak. (Str -2) [mutagenic glow]
 18904 | Shoals:3 | Noticed a kraken
 18919 | Shoals:3 | Reached skill level 15 in Shields
 18954 | Shoals:3 | Reached skill level 15 in Armour
 18954 | Shoals:3 | Killed a kraken
 18957 | Shoals:3 | Received a gift from Okawaru
 19476 | Shoals:3 | Found an ornate altar of the Wu Jian Council.
 19594 | Shoals:3 | Reached XP level 17. HP: 108/113 MP: 23/23
 19601 | Shoals:4 | Entered Level 4 of the Shoals
 19614 | Shoals:4 | Cast into level 2 of the Abyss (merfolk impaler)
 19882 | Abyss:2  | HP: 1/114 [burnt (9)]
 19882 | Abyss:2  | Killed from afar by a starcursed mass

Vault maps used:
D:1:      dpeg_arrival_houses_and_road
D:2:      lemuel_crystal_altar, first_ration, minivault_5, uniq_jessica
D:3:      okawaru_metal_pillars_1_2
D:4:      lemuel_another_geyser
D:5:      minitemple, cheibrodos_sewer_entry_drain, uniq_menkaure
D:6:      lemuel_crystal_altar, temple_green, st_stairs_12,
          nemelex_diamond_rough_becter
D:8:      nicolae_tso_besieged_by_evil, uniq_joseph
D:9:      hiddenorc2_lemuel, special_room
D:10:     serial_shops, nicolae_shop_waterfront, shop, uniq_urug
D:11:     cheibrodos_breeding_chamber, due_lair_maze_entry_diamond,
          serial_shops, kennysheep_mini, hangedman_stone_soup, minmay_nine_imps,
          uniq_sonja
D:12:     serial_shops, shop_coins, uniq_frances, uniq_josephine, uniq_fannar,
          uniq_maurice
Lair:1:   uniq_grum
Lair:3:   minmay_shoals_entry_lonely_mermaid,
          minmay_snake_entry_guardpost_medium, uniq_harold, uniq_rupert
Lair:6:   evilmike_catoblepas_cave, minmay_slime_entry_pillars,
          hangedman_lair_generics_rect
Shoals:2: nicolae_shoals_flooded_hall
Shoals:3: lemuel_centaur_altar
Shoals:4: shoals_end_simple, shoals_ilsuiw_ice, nicolae_shoals_hunting_party
Snake:1:  nicolae_barding_shop, serial_bayou_shore_b
Snake:2:  grunt_megastairs_3, minmay_shop_star, lemuel_fruit_tree
Snake:3:  serial_bayou_pond_d
Snake:4:  snake_pit, portal_ice_cave_entry_pillars_1
Abyss:2:  hangedman_abyss_or_decor_passed, hangedman_abyss_or_decor_slice
Sewer:    sewer_minmay_treatment

Skill      XL: |  1  2  3  4  5  6  7  8  9 10 11 12 13 14 15 16 |
---------------+-------------------------------------------------+-----
Axes           | 2 3 4 5 6 7 8 9 10 11 12 13 14 | 14.3
Fighting       | 4 5 6 7 9 10 11 12 13 14 15 | 15.7
Invocations    | 1 3 5 7 9 |  9.0
Shields        | 4 6 8 9 10 12 13 14 15 | 15.3
Armour         | 5 6 8 9 10 11 13 14 15 | 15.3

Action                   |  1- 3 |  4- 6 |  7- 9 | 10-12 | 13-15 | 16-18 || total
-------------------------+-------+-------+-------+-------+-------+-------++-------
Melee: War axe           |   100 |   136 |   495 |   794 |   364 |       ||  1889
       Flail             |       |       |       |    21 |    15 |       ||    36
       Broad axe         |       |       |       |       |   655 |   545 ||  1200
Invok: Heroism           |       |       |     2 |    19 |    25 |    10 ||    56
       Finesse           |       |       |       |     1 |    14 |     5 ||    20
 Abil: Evoke Berserk Rag |       |       |       |     3 |       |       ||     3
       Fly               |       |       |       |       |       |     1 ||     1
Evoke: Wand              |       |       |       |     1 |       |       ||     1
       Phantom mirror    |       |       |       |       |     1 |       ||     1
  Use: Scroll            |       |       |     7 |    14 |    10 |     2 ||    33
       Potion            |       |       |       |       |     1 |       ||     1
 Stab: Paralysed         |       |       |       |     4 |       |       ||     4
  Eat: Chunk             |       |     4 |    10 |    15 |    16 |     6 ||    51
       Ration            |       |       |       |     2 |     2 |     1 ||     5
Armor: Scale mail        |    61 |    82 |    86 |       |       |       ||   229
       Plate armour      |       |       |   187 |   556 |   438 |    23 ||  1204
       Chain mail        |       |       |       |       |       |   197 ||   197
Dodge: Dodged            |    25 |    51 |   204 |   460 |   373 |   143 ||  1256
Block: Shield            |    55 |    76 |   312 |   614 |   471 |       ||  1528
       Large shield      |       |       |       |       |   287 |   598 ||   885

Table legend:
 A = Spawn XP
 B = Non-spawn XP
 C = Spawn XP percentage of total XP
 D = Spawn monster count
 E = Non-spawn monster count
 F = Spawn count percentage of total count
 G = Total turns spent on level
                    A         B        C        D         E        F      G
               +---------+---------+-------+---------+---------+-------+---------
         Total |    2265 |  185497 |   1.2 |       7 |     667 |   1.0 | 19882
               +---------+---------+-------+---------+---------+-------+---------
           D:1 |       0 |      32 |   0.0 |       0 |      18 |   0.0 |   457
           D:2 |       0 |      38 |   0.0 |       0 |       9 |   0.0 |   384
           D:3 |       0 |     142 |   0.0 |       0 |      22 |   0.0 |   684
           D:4 |       0 |     271 |   0.0 |       0 |      19 |   0.0 |   563
           D:5 |       0 |     823 |   0.0 |       0 |      19 |   0.0 |   747
           D:6 |       0 |    1096 |   0.0 |       0 |      23 |   0.0 |   629
           D:7 |       0 |    1097 |   0.0 |       0 |      23 |   0.0 |   459
           D:8 |       0 |    1855 |   0.0 |       0 |      46 |   0.0 |  1251
           D:9 |       0 |     559 |   0.0 |       0 |       8 |   0.0 |   226
          D:10 |       0 |    2483 |   0.0 |       0 |      23 |   0.0 |   920
          D:11 |       0 |   10117 |   0.0 |       0 |      54 |   0.0 |  1224
          D:12 |       0 |     162 |   0.0 |       0 |       1 |   0.0 |    14
        Lair:1 |       0 |    4491 |   0.0 |       0 |      17 |   0.0 |  1011
        Lair:2 |       0 |    2115 |   0.0 |       0 |      11 |   0.0 |   713
        Lair:3 |       0 |    7985 |   0.0 |       0 |      22 |   0.0 |  1141
        Lair:4 |       0 |    3502 |   0.0 |       0 |      12 |   0.0 |   679
        Lair:5 |       0 |    3748 |   0.0 |       0 |      17 |   0.0 |   215
        Lair:6 |       0 |   23726 |   0.0 |       0 |      61 |   0.0 |  1861
      Shoals:1 |       0 |    6128 |   0.0 |       0 |      15 |   0.0 |   281
      Shoals:2 |       0 |    7194 |   0.0 |       0 |      12 |   0.0 |   464
      Shoals:3 |       0 |   13066 |   0.0 |       0 |      27 |   0.0 |   384
      Shoals:4 |       0 |     266 |   0.0 |       0 |       1 |   0.0 |    13
       Snake:1 |       0 |    5439 |   0.0 |       0 |      12 |   0.0 |   557
       Snake:2 |       0 |   14261 |   0.0 |       0 |      23 |   0.0 |   918
       Snake:3 |       0 |   14304 |   0.0 |       0 |      28 |   0.0 |  1192
       Snake:4 |       0 |   56508 |   0.0 |       0 |      88 |   0.0 |  2121
       Abyss:2 |    2265 |    3733 |  37.8 |       7 |       8 |  46.7 |   268
         Sewer |       0 |     356 |   0.0 |       0 |      48 |   0.0 |   506
               +---------+---------+-------+---------+---------+-------+---------
